 Dungeon Crawl Stone Soup version 0.21-a0-405-gf2af9a1 (webtiles) character file.

545 karf the Chopper (level 7, -12/62 HPs)
             Began as a Minotaur Berserker on Nov 1, 2017.
             Was a Believer of Trog.
             Mangled by Pikel
             ... wielding a +1 whip of electrocution
              (15 damage)
             ... on level 4 of the Dungeon.
             The game lasted 00:04:25 (2458 turns).

karf the Chopper (Minotaur Berserker)               Turns: 2458, Time: 00:04:26

Health: -12/62     AC: 11    Str: 21    XL:     7   Next: 6%
Magic:  6/6        EV:  8    Int:  4    God:    Trog [**....]
Gold:   183        SH:  0    Dex: 12    Spells: 6/6 levels left

rFire    . . .     SeeInvis .   a - +0 hand axe
rCold    . . .     Gourm    .   (no shield)
rNeg     . . .     Faith    .   e - +0 chain mail
rPois    .         Spirit   .   (helmet restricted)
rElec    .         Reflect  .   (no cloak)
rCorr    .         Harm     .   o - +0 pair of gloves
MR       .....                  (no boots)
Stlth    ..........             (no amulet)
HPRegen  0.20/turn              (no ring)
MPRegen  0.10/turn              (no ring)

@: no status effects
A: retaliatory headbutt, horns 2
a: Berserk, Trog's Hand, Burn Spellbooks, Renounce Religion


You were on level 4 of the Dungeon.
You worshipped Trog.
Trog was pleased with you.
You were not hungry.

You visited 1 branch of the dungeon, and saw 4 of its levels.

You collected 183 gold pieces.

Inventory:

Hand Weapons
 a - a +0 hand axe (weapon)
Armour
 e - a +0 chain mail (worn)
 o - a +0 pair of gloves (worn)
Jewellery
 q - a cursed amulet of inaccuracy {unknown}
Wands
 h - a wand of random effects (38/48)
 n - a wand of iceblast (6/15)
Scrolls
 b - a scroll of amnesia {unknown}
 f - 2 scrolls of identify {unknown}
 g - a scroll of enchant armour {unknown}
 l - a scroll of immolation {unknown}
 m - a scroll of recharging {unknown}
 p - a scroll of blinking {unknown}
Potions
 i - a potion of curing
 j - a potion of haste
 k - a potion of brilliance {unknown}
Comestibles
 c - 2 bread rations
 d - a royal jelly


   Skills:
 + Level 5.7 Fighting
 * Level 7.3 Axes
 + Level 5.0 Armour
 - Level 2.2 Dodging


You had 6 spell levels left.
You didn't know any spells.

Dungeon Overview and Level Annotations

Branches:
Dungeon (4/15)
 Temple: D:4-7

Altars:

Annotations:
D:4 Pikel


Innate Abilities, Weirdness & Mutations

You reflexively headbutt those who attack you in melee.
You have a pair of horns on your head.


Message History

You closely miss the slave. You hit the slave but do no damage.
Pikel hits you with a whip of electrocution.
The slave barely misses you. You furiously retaliate!
You headbutt the slave! The slave hits you.
* * * LOW HITPOINT WARNING * * *
You slash Pikel!
Pikel is moderately wounded.
Your chain mail prevents you from hitting the slave.
You closely miss the slave.
Pikel hits you with a whip of electrocution.
* * * LOW HITPOINT WARNING * * *
You are electrocuted!
* * * LOW HITPOINT WARNING * * *
The slave closely misses you. The slave hits you but does no damage.
Pikel closely misses you. Pikel hits you but does no damage.
Pikel hits you with a whip of electrocution.
* * * LOW HITPOINT WARNING * * *
You are electrocuted!
You die...

#....##.####......##
#....<....##......#
#.........##......#
#.....[...#####..###
#p# #>.... #p#
#######.#### #p#
#.......# #K#
+.......# #@#
#.......# #.#
#.......# #.#
#####'#.# #.#
#.#.####
#.#.#######.......
#.#..........#####
#.###########.###(
#...........##.#.#
#########.####...#


You could see Pikel and 3 slaves.

Vanquished Creatures
  Grinder (D:3)
  A phantom (D:3)
  Blork the orc (D:4)
  An orc priest (D:4)
  An orc wizard (D:3)
  Jessica (D:3)
  5 adders
  An adder skeleton (D:4)
  A worm (D:2)
  5 dart slugs
  A leopard gecko (D:2)
  6 orcs
  3 giant cockroaches
  2 hobgoblins
  6 jackals
  A quokka (D:4)
  3 ball pythons (D:1)
  6 bats
  5 frilled lizards
  4 goblins
  6 kobolds
  4 rats
65 creatures vanquished.

Vanquished Creatures (others)
  A ghoul (D:1)
  A gargoyle (D:1)
  2 elves (D:1)
  2 trolls (D:1)
  A vampire (D:1)
  A dwarf (D:1)
  2 ogres (D:1)
  2 orcs (D:1)
  3 kobolds (D:1)
  4 tentacles (D:1)
19 creatures vanquished.

Grand Total: 84 creatures vanquished

Notes
Turn   | Place    | Note
-------+----------+-------------------------------------------
     0 | D:1      | karf the Minotaur Berserker began the quest for the Orb.
     0 | D:1      | Reached XP level 1. HP: 19/19 MP: 0/0
     2 | D:1      | Killed an elf
     5 | D:1      | Noticed a dwarf
     5 | D:1      | Noticed a gargoyle
     5 | D:1      | Noticed an ogre
     5 | D:1      | Noticed a troll
     5 | D:1      | Noticed an elf
     5 | D:1      | Noticed a kraken
     5 | D:1      | Noticed a troll
     5 | D:1      | Noticed a ghoul
     5 | D:1      | Noticed a vampire
     5 | D:1      | Noticed an ogre
     5 | D:1      | Killed a troll
     6 | D:1      | Killed a dwarf
     7 | D:1      | Killed a gargoyle
    10 | D:1      | Killed an ogre
    11 | D:1      | Killed an ogre
    12 | D:1      | Killed a vampire
    14 | D:1      | Killed a troll
    15 | D:1      | Killed an elf
    15 | D:1      | Killed a ghoul
   162 | D:1      | Reached XP level 2. HP: 27/27 MP: 1/1
   188 | D:1      | Reached skill level 4 in Axes
   585 | D:2      | Reached XP level 3. HP: 33/33 MP: 2/2
   590 | D:2      | Reached ** piety under Trog
  1066 | D:3      | Reached XP level 4. HP: 36/41 MP: 3/3
  1152 | D:3      | Reached skill level 5 in Axes
  1201 | D:3      | Noticed Grinder
  1211 | D:3      | Killed Grinder
  1211 | D:3      | Reached skill level 5 in Fighting
  1211 | D:3      | Reached skill level 6 in Axes
  1211 | D:3      | Reached XP level 5. HP: 25/48 MP: 4/4
  1211 | D:3      | Reached XP level 6. HP: 29/56 MP: 5/5
  1544 | D:3      | Noticed Jessica
  1552 | D:3      | Killed Jessica
  2126 | D:4      | Reached skill level 7 in Axes
  2137 | D:4      | Noticed Blork the orc
  2158 | D:4      | Killed Blork the orc
  2302 | D:4      | Reached skill level 5 in Armour
  2302 | D:4      | Reached XP level 7. HP: 62/62 MP: 6/6
  2445 | D:4      | Noticed Pikel
  2454 | D:4      | HP: 3/62 [Pikel/whip of electrocution (12)]
  2458 | D:4      | Mangled by Pikel

Vault maps used:
D:1:      nicolae_arrival_kraken_aquarium_b, st_stairs_7, serial_bayou_lagoon_a
D:2:      roderic_serpentine_path
D:3:      uniq_grinder, uniq_jessica
D:4:      temple_statues, hangedman_decor_points, hex_intersection, uniq_pikel,
          uniq_sigmund, uniq_crazy_yiuf_cottage, uniq_blork_the_orc

Skill      XL: |  1  2  3  4  5  6 |
---------------+-------------------+-----
Axes           | 4 6 7 |  7.3
Fighting       | 4 5 |  5.7
Armour         | 3 4 5 |  5.0
Dodging        | |  2.2

Action                   |  1- 3 |  4- 6 |  7- 9 || total
-------------------------+-------+-------+-------++-------
Melee: Hand axe          |    91 |    79 |    18 ||   188
       Headbutt          |    14 |    13 |     4 ||    31
Invok: Berserk           |       |     1 |       ||     1
       Trog's Hand       |       |     1 |       ||     1
  Use: Scroll            |     1 |       |       ||     1
       Potion            |       |     1 |       ||     1
  Eat: Chunk             |     1 |     5 |       ||     6
Armor: Chain mail        |    53 |    32 |    13 ||    98
Dodge: Dodged            |    47 |    30 |     9 ||    86

Table legend:
 A = Spawn XP
 B = Non-spawn XP
 C = Spawn XP percentage of total XP
 D = Spawn monster count
 E = Non-spawn monster count
 F = Spawn count percentage of total count
 G = Total turns spent on level
                    A         B        C        D         E        F      G
               +---------+---------+-------+---------+---------+-------+---------
         Total |       0 |     779 |   0.0 |       0 |      65 |   0.0 |  2458
               +---------+---------+-------+---------+---------+-------+---------
           D:1 |       0 |      29 |   0.0 |       0 |      18 |   0.0 |   541
           D:2 |       0 |      64 |   0.0 |       0 |      23 |   0.0 |   454
           D:3 |       0 |     511 |   0.0 |       0 |      13 |   0.0 |  1057
           D:4 |       0 |     175 |   0.0 |       0 |      11 |   0.0 |   406
               +---------+---------+-------+---------+---------+-------+---------
